 Dungeon Crawl Stone Soup version 0.30-a0-561-g1b0378597e (webtiles) character file.

Game seed: 8542254812672407865

3681 M4edhros the Insei (level 10, -1/66 HPs)
             Began as an Octopode Artificer on Dec 28, 2022.
             Was a Priest of Cheibriados.
             Shot with an arrow by a centaur warrior (23 damage)
             ... on level 8 of the Dungeon.
             The game lasted 00:09:42 (4991 turns).

M4edhros the Insei (Octopode Artificer)             Turns: 4991, Time: 00:09:43

Health: -1/66      AC:  1    Str: 18    XL:     10   Next: 13%
Magic:  0/10       EV: 17    Int: 26    God:    Cheibriados [***...]
Gold:   368        SH: 12    Dex: 28    Spells: 9/9 levels left

rFire   x . .      SeeInvis +      - Unarmed
rCold   . . .      Faith    .    x - +0 kite shield
rNeg    . . .      Spirit   +    (helmet restricted)
rPois   .          Reflect  .    F - amulet of guardian spirit
rElec   .          Harm     .    r - ring of see invisible
rCorr   .          Rampage  .    t - +6 ring of dexterity
Will    .....                    C - +6 ring of intelligence
Stlth   +++++                    (no ring)
HPRegen 0.31/turn                (no ring)
MPRegen 0.12/turn                (no ring)
                                 (no ring)
                                 (no ring)

@: very slow
A: almost no armour, amphibious, 8 rings, camouflage 1, gelatinous body 1,
(nimble swimmer 1), tentacles, beak, screaming 1, heat vulnerability 1,
MP-powered wands
a: Renounce Religion, Bend Time, Temporal Distortion


You were on level 8 of the Dungeon.
You worshipped Cheibriados.
Cheibriados was most pleased with you.
You visited 2 branches of the dungeon, and saw 9 of its levels.

You collected 368 gold pieces.

Inventory:

Missiles
 n - 2 throwing nets
 D - 19 poisoned darts (quivered)
 E - a curare-tipped dart
Armour
 x - a +0 kite shield (worn)
Jewellery
 r - a ring of see invisible (left tentacle)
 t - a +6 ring of dexterity (right tentacle)
 C - a +6 ring of intelligence (on tentacle)
 F - an amulet of guardian spirit (around mantle)
Wands
 b - a wand of flame (26)
 d - a wand of iceblast (1)
Scrolls
 a - 6 scrolls of identify {unknown}
 f - a scroll of vulnerability {unknown}
 g - 4 scrolls of amnesia {unknown}
 h - a scroll of blinking {unknown}
 k - a scroll of immolation {unknown}
 m - 2 scrolls of poison {unknown}
 o - a scroll of fear {unknown}
 s - 2 scrolls of teleportation {unknown}
 u - a scroll of brand weapon {unknown}
 w - 3 scrolls of noise {unknown}
 y - a scroll of magic mapping {unknown}
Potions
 e - a potion of flight {unknown}
 i - a potion of brilliance {unknown}
 p - 2 potions of attraction {unknown}
 v - 2 potions of degeneration {unknown}
 A - a potion of curing


   Skills:
 + Level 5.5 Fighting
 + Level 5.9 Dodging
 - Level 5.4 Stealth
 * Level 5.7 Shields
 * Level 7.7 Unarmed Combat
 + Level 7.0 Evocations


You had 9 spell levels left.
You didn't know any spells.
Your spell library contained the following spells:

 Spells                   Type           Power      Damage    Failure   Level
 Blink                    Tloc           0%         N/A       45%         2
 Momentum Strike          Conj/Tloc      0%         3d8       45%         2
 Ignite Poison            Fire/Tmut/Pois 0%         N/A       71%         3
 Kindle Blastsparks       Fire/Tloc/Air  0%         2d10      71%         3
 Lesser Beckoning         Tloc           0%         N/A       71%         3
 Freezing Cloud           Conj/Ice/Air   0%         6-21      100%        5


Dungeon Overview and Level Annotations

Branches:
Dungeon (8/15)             Temple (1/1) D:5
   Lair: D:8-11

Altars:
Ashenzari
Cheibriados
Kikubaaqudgha
Makhleb
Wu Jian


Innate Abilities, Weirdness & Mutations

You cannot wear most types of armour.
You are amphibious.
You can wear up to eight rings at the same time.
Your skin changes colour to match your surroundings (Stealth+).
Your rubbery body absorbs attacks. (AC +1, EV +1)
((You are camouflaged when in or above water. (Stealth+)))
You have tentacles for arms and can constrict up to eight enemies at once.
You have a beak for a mouth.
You occasionally shout uncontrollably at your foes.
You are vulnerable to heat. (rF-)
You expend magic power (3 MP) to strengthen your wands.


Message History

Your Evocations skill increases to level 7!
What are your orders? t - Yell!
Orders for allies: a - Attack new target. p - Attack previous target. r - Retreat! s - Stop attacking. g - Guard the area. f - Follow me.
Anything else - Cancel.
Guard this area!
Items here: ))) [ †††.
You see here a Trismegistus Codex.
You pick up a Trismegistus Codex and begin reading...
You add the spells Kindle Blastsparks, Ignite Poison and Freezing Cloud to your library.
Okay, then.
You see here 11 gold pieces.
You now have 368 gold pieces (gained 11).
A centaur warrior comes into view.
Aiming: Charm
Press: ? - help, Shift-Dir - straight line, f/p - yak
Aim: a yak (lightly wounded, wandering, hasn't noticed you, chance to affect: 72%)
The yak bellows!
The yak is charmed.
The centaur warrior shouts!
The now-empty wand crumbles to dust.
You hear a loud, deep croak!
You hear a shout!
The centaur warrior wields a +0 shortbow.
The centaur warrior shoots an arrow.
The arrow hits you!!
* * * LOW HITPOINT WARNING * * *
You feel much better.
The centaur warrior shoots an arrow.
You block the arrow.
The centaur warrior shoots an arrow.
You block the arrow.
Okay, then.
Okay, then.
Okay, then.
Okay, then.
You swap places.
A bullfrog comes into view.
The centaur warrior shoots an arrow.
The arrow misses you.
The centaur warrior shoots an arrow.
The arrow hits you!
A kobold brigand comes into view.
It is wielding a +0 dagger and quivering poisoned darts.
The centaur warrior shoots an arrow.
The arrow hits you!!
You die...

## ###. ###...## ###.
..FK# #... #.c## #####
#Y.###...# ###....
#...###..## ###....#.
#.)#.@Y..# ###......##
#.()...#####.'......##
##...###.#...##....##
#.#'#...##...#...####
###......'.###..#....
##..#..###...#<....
#......#...##.####
##...###..#.......
#.###...##.#.####


You could see a centaur warrior, a kobold brigand and a friendly yak (charmed).

Vanquished Creatures
  A two-headed ogre (D:8)
  Pikel (D:5)
  Sigmund (D:3)
  An ice beast (D:8)
  A sky beast (D:6)
  3 black bears (D:5)
  An ogre (D:4)
  A centaur (D:8)
  2 phantoms (D:6)
  2 kobold brigands
  A bullfrog (D:8)
  A necrophage (D:8)
  A scorpion (D:6)
  A gnoll sergeant (D:4)
  4 wights (D:7)
  2 howler monkeys (D:6)
  4 hounds
  2 orc priests
  A jelly (D:4)
  2 iguanas
  An orc wizard (D:4)
  9 gnolls
  3 adders
  3 worms
  A dart slug (D:3)
  8 orcs
  6 ball pythons
  14 endoplasms
  5 goblins
  6 hobgoblins
  2 jackals (D:4)
  3 quokkas
  7 bats
  3 frilled lizards
  9 kobolds
  6 rats
119 creatures vanquished.

Vanquished Creatures (collateral kills)
  A cyclops (D:8)
  A steam dragon (D:8)
  A centaur (D:8)
  A howler monkey (D:8)
  3 gnolls
  An orc (D:5)
8 creatures vanquished.

Vanquished Creatures (others)
  An orc warrior (D:8)
  A gnoll sergeant (D:6)
  A gnoll (D:4)
  An endoplasm (D:3)
4 creatures vanquished.

Grand Total: 131 creatures vanquished

Notes
Turn   | Place    | Note
-------+----------+-------------------------------------------
     0 | D:1      | M4edhros the Octopode Artificer began the quest for the
                  | Orb.
     0 | D:1      | Reached XP level 1. HP: 13/13 MP: 1/1
    73 | D:2      | Reached XP level 2. HP: 18/18 MP: 2/2
   226 | D:3      | Reached skill level 1 in Unarmed Combat
   335 | D:3      | Noticed Sigmund
   344 | D:3      | Killed Sigmund
   345 | D:3      | Reached XP level 3. HP: 7/24 MP: 3/3
   345 | D:3      | Reached XP level 4. HP: 9/29 MP: 4/4
   345 | D:3      | Reached XP level 5. HP: 10/34 MP: 5/5
   489 | D:4      | Noticed an ogre
   614 | D:4      | Killed an ogre
   615 | D:4      | Reached XP level 6. HP: 41/41 MP: 6/6
   689 | D:4      | Found a broken altar of Ashenzari.
   805 | D:4      | Reached XP level 7. HP: 11/45 MP: 7/7
   986 | D:5      | Entered Level 5 of the Dungeon
   986 | D:5      | Found a staircase to the Ecumenical Temple.
   987 | D:5      | Noticed Pikel
  1088 | D:6      | Identified the +7 mace "Xong" {chaos, MP+9 Int-5 Dex+4}
  1275 | D:6      | Reached skill level 5 in Evocations
  1448 | D:6      | Reached skill level 5 in Stealth
  1452 | D:6      | Reached XP level 8. HP: 14/52 MP: 8/8
  1625 | D:6      | Reached skill level 5 in Unarmed Combat
  1691 | Temple   | Entered the Ecumenical Temple
  1713 | Temple   | Became a worshipper of Cheibriados the Contemplative
  2064 | D:2      | Identified the +1 ring mail "Ukaqa" {*Slow rC++ SInv}
  2438 | D:2      | Reached * piety under Cheibriados
  2942 | D:1      | Reached ** piety under Cheibriados
  3452 | D:5      | Reached skill level 1 in Shields
  3820 | D:5      | Killed Pikel
  3821 | D:5      | Reached skill level 5 in Dodging
  3821 | D:5      | Reached XP level 9. HP: 40/59 MP: 9/9
  4841 | D:8      | Gained mutation: You occasionally shout uncontrollably at
                  | your foes. [potion of mutation]
  4841 | D:8      | Gained mutation: You are vulnerable to heat. (rF-) [potion
                  | of mutation]
  4841 | D:8      | Gained mutation: You expend magic power (3 MP) to
                  | strengthen your wands. [potion of mutation]
  4841 | D:8      | Gained mutation: You have a beak for a mouth. [potion of
                  | mutation]
  4849 | D:8      | Reached skill level 5 in Fighting
  4933 | D:8      | Noticed a two-headed ogre
  4940 | D:8      | Killed a two-headed ogre
  4940 | D:8      | Reached *** piety under Cheibriados
  4941 | D:8      | Reached skill level 5 in Shields
  4941 | D:8      | Reached XP level 10. HP: 17/66 MP: 0/10
  4966 | D:8      | Noticed a cyclops
  4974 | D:8      | Killed a cyclops
  4986 | D:8      | Noticed a centaur warrior
  4991 | D:8      | Shot with an arrow by a centaur warrior

Illustrated notes

Levels and vault maps discovered:
D:1:      dreamdust_arrival_beginning_and_end, layout_loops_ring
D:2:      layout_basic
D:3:      layout_basic, uniq_sigmund
D:4:      layout_cave_pools, marbit_many_paths
D:5:      layout_rooms, minmay_temple_entry_from_below_a, uniq_pikel
D:6:      layout_rooms
D:7:      layout_loops_ring, nicolae_ru_awakened_eye, uniq_maggie, uniq_joseph
D:8:      minmay_slanted_spiral_squares, layout_basic,
          hangedman_abyss_or_decor_clamps
Temple:   nicolae_temple_slightly_damp_pantheon

Skill      XL: |  1  2  3  4  5  6  7  8  9 10 |
---------------+-------------------------------+-----
Unarmed Combat | 2 3 4 6 7 |  7.7
Stealth        | 3 4 5 |  5.4
Fighting       | 2 3 4 5 |  5.5
Dodging        | 3 4 5 |  5.9
Evocations     | 4 5 6 7 |  7.0
Shields        | 3 5 |  5.7

Action                   |  1- 3 |  4- 6 |  7- 9 | 10-12 || total
-------------------------+-------+-------+-------+-------++-------
Melee: Unarmed           |    33 |    31 |   228 |     1 ||   293
       Tentacles         |    10 |    10 |    64 |     1 ||    85
       Constrict         |    10 |     8 |    46 |       ||    64
       Punch             |       |     2 |    16 |       ||    18
       Peck              |       |       |     2 |       ||     2
Evoke: Wand              |     3 |    12 |    35 |     2 ||    52
  Use: Potion            |       |     1 |     7 |     2 ||    10
 Stab: Sleeping          |     4 |     2 |    21 |       ||    27
       Distracted        |       |     1 |     1 |     1 ||     3
Armor: Skin              |     2 |     2 |     6 |       ||    10
Dodge: Dodged            |    18 |    30 |   113 |     1 ||   162
Block: Kite shield       |       |       |    68 |     2 ||    70

Table legend: (Time is in decaauts)
 A = Elapsed time spent in this place.
 B = Non-inter-level travel time spent in this place.
 C = Inter-level travel time spent in this place.
 D = Time resting spent in this place.
 E = Time spent auto-exploring this place.
 F = Levels seen in this place.
 G = Mean time per level.
                   A        B        C        D        E       F      G
               +--------+--------+--------+--------+--------+-----+--------+
         Total |   5879 |   5380 |    499 |    512 |   3640 |   9 |  653.2 |
       Dungeon |   5844 |   5357 |    487 |    512 |   3627 |   8 |  730.5 |
        Temple |     35 |     23 |     12 |      0 |     13 |   1 |   35.0 |
               +--------+--------+--------+--------+--------+-----+--------+

Top non-repeatable levels by time:
     D:6: 1120 daAuts
     D:2: 982 daAuts
     D:4: 868 daAuts
     D:1: 692 daAuts
     D:5: 632 daAuts
     D:3: 600 daAuts
     D:8: 514 daAuts
     D:7: 432 daAuts
  Temple: 35 daAuts
